 Dungeon Crawl Stone Soup version 0.29-a0-251-g80730f7218 (webtiles) character file.

Game seed: 16623207528558571698

45 sammy202020 the Skirmisher (level 3, 0/24 HPs)
             Began as a Gargoyle Fighter on Mar 6, 2022.
             Slain by a hobgoblin (2 damage)
             ... led by Robin
             ... on level 2 of the Dungeon.
             The game lasted 00:01:56 (969 turns).

sammy202020 the Skirmisher (Gargoyle Fighter)        Turns: 969, Time: 00:01:57

Health: 0/24       AC: 12    Str: 19    XL:     3   Next: 64%
Magic:  3/3        EV:  7    Int: 10    God:
Gold:   41         SH:  4    Dex:  9    Spells: 2/2 levels left

rFire   . . .      SeeInvis .   a - +0 flail
rCold   . . .      Faith    .   c - +0 buckler
rNeg    + . .      Spirit   .   g - +0 chain mail
rPois   ∞          Reflect  .   (no helmet)
rElec   +          Harm     .   (no cloak)
rCorr   .          Rampage  .   (no gloves)
Will    .....                   (no boots)
Stlth   ..........              (no amulet)
HPRegen 0.08/turn               (no ring)
MPRegen 0.08/turn               (no ring)

@: mighty
A: sickness immunity, AC +3, negative energy resistance 1, electricity
resistance, torment resistance 1, petrification resistance
a: no special abilities


You were on level 2 of the Dungeon.
You visited 1 branch of the dungeon, and saw 2 of its levels.

You collected 41 gold pieces.

Inventory:

Hand Weapons
 a - a +0 flail (weapon)
Missiles
 i - 4 poisoned darts (quivered)
Armour
 c - a +0 buckler (worn)
 g - a +0 chain mail (worn)
Scrolls
 b - a scroll of teleportation {unknown}
 e - a scroll of identify {unknown}
 h - a scroll of immolation {unknown}
Potions
 d - a potion of might
 f - a potion of magic {unknown}
 j - a potion of invisibility {unknown}


   Skills:
 * Level 3.7 Fighting
 * Level 2.6 Maces & Flails
 * Level 3.7 Armour
 + Level 0.4 Dodging
 + Level 3.6 Shields


You had 2 spell levels left.
You didn't know any spells.
Your spell library was empty.

Dungeon Overview and Level Annotations

Branches:
Dungeon (2/15)

Altars:

Shops:
D:1 !

Annotations:
D:2 Robin


Innate Abilities, Weirdness & Mutations

You are immune to sickness and miasma.
Your stone body is resilient. (AC +3)
You are immune to poison.
You resist negative energy. (rN+)
You are resistant to electric shocks. (rElec)
You are resistant to unholy torment.
You are immune to petrification.


Message History

You kill the goblin!
Robin throws the goblin at you! The goblin hits you but does no damage.
Robin throws the goblin at you! The goblin hits you but does no damage.
You hit the goblin.
The goblin is severely wounded.
The goblin hits you but does no damage. Robin barely misses you.
The goblin hits you but does no damage.
You barely miss the goblin.
The goblin is severely wounded.
The goblin no longer looks unusually strong.
The hobgoblin no longer looks unusually strong.
The goblin hits you with a +0 dagger. Robin throws the goblin at you!
The goblin hits you but does no damage. The hobgoblin closely misses you.
The hobgoblin hits you. You block the goblin's attack.
You feel very mighty all of a sudden.
The goblin no longer looks unusually strong.
Robin hits you but does no damage. You block the goblin's attack.
The goblin hits you but does no damage. The hobgoblin hits you. x2
* * * LOW HITPOINT WARNING * * *
You block the goblin's attack.
You closely miss the hobgoblin. You block the goblin's attack.
The goblin hits you but does no damage. You block the hobgoblin's attack.
The hobgoblin hits you but does no damage.
You block the goblin's attack.
Robin hits you from afar with a +0 trident.
* * * LOW HITPOINT WARNING * * *
The goblin barely misses you. The goblin closely misses you.
You barely miss the hobgoblin.
The goblin no longer looks unusually strong. x2
The hobgoblin barely misses you. You block the hobgoblin's attack.
The goblin barely misses you.
The goblin hits you but does no damage. x3
The hobgoblin hits you but does no damage.
You bludgeon the hobgoblin!!
You kill the hobgoblin!
You block the hobgoblin's attack. The goblin hits you with a +0 dagger.
* * * LOW HITPOINT WARNING * * *
The goblin hits you but does no damage. Robin hits you but does no damage.
The goblin completely misses you. You block the goblin's attack.
The hobgoblin hits you.
You die...

##### #... ###...
#..... ### #...##.>#
#...#...#.#
+#..g#g.##.#
.###..gg@###... ....
......gggg...... ....
......♣.g......###...
....................
.###.....###.......##
#..#...#+ #........
#...#.(.# #......# .
#>.##...##
#.....<###.. #
#.....####......#....


You could see Robin, 3 hobgoblins and 5 goblins.

Vanquished Creatures
  An adder (D:2)
  A dart slug (D:2)
  3 ball pythons (D:1)
  A bat (D:1)
  5 endoplasms (D:1)
  2 giant cockroaches (D:1)
  6 goblins
  2 hobgoblins
  3 jackals (D:1)
  A quokka (D:1)
  A frilled lizard (D:1)
  A kobold (D:1)
  3 rats (D:1)
30 creatures vanquished.

Notes
Turn   | Place    | Note
-------+----------+-------------------------------------------
     0 | D:1      | sammy202020 the Gargoyle Fighter began the quest for the
                  | Orb.
     0 | D:1      | Reached XP level 1. HP: 14/14 MP: 1/1
    42 | D:1      | Reached XP level 2. HP: 16/19 MP: 2/2
   253 | D:1      | Found Inith's Distillery.
   628 | D:1      | Reached XP level 3. HP: 23/23 MP: 3/3
   941 | D:2      | Noticed Robin
   969 | D:2      | Slain by a hobgoblin

Illustrated notes

Levels and vault maps discovered:
D:1:      wander_arrival_peaceful_grave, layout_rooms, serial_shops,
          nicolae_shop_competitors_out_of_business
D:2:      layout_basic, grunt_ministairs_6, uniq_jessica, uniq_robin

Action                   || total
-------------------------++-------
Melee: Flail             ||    86
  Use: Potion            ||     1
Armor: Scale mail        ||    22
       Chain mail        ||    57
Dodge: Dodged            ||    39
Block: Buckler           ||    30

Table legend: (Time is in decaauts)
 A = Elapsed time spent in this place.
 B = Non-inter-level travel time spent in this place.
 C = Inter-level travel time spent in this place.
 D = Time resting spent in this place.
 E = Time spent auto-exploring this place.
 F = Levels seen in this place.
 G = Mean time per level.
                   A        B        C        D        E       F      G
               +--------+--------+--------+--------+--------+-----+--------+
         Total |    996 |    996 |      0 |      0 |    756 |   2 |  498.0 |
       Dungeon |    996 |    996 |      0 |      0 |    756 |   2 |  498.0 |
               +--------+--------+--------+--------+--------+-----+--------+

Top non-repeatable levels by time:
     D:1: 917 daAuts
     D:2: 78 daAuts
